 Dungeon Crawl Stone Soup version 0.27-a0-34-gc18c9092ac (webtiles) character file.

Game seed: 9118437508801912586

105318 Dirian the Severer (level 15, -9/141 HPs)
             Began as a Minotaur Fighter on Jan 4, 2021.
             Was the Champion of Okawaru.
             Mangled by a tengu reaver
             ... wielding a +1 bardiche of flaming
              (17 damage)
             ... while paralysed by a vampire knight
             ... on level 14 of the Dungeon.
             The game lasted 00:39:54 (25613 turns).

Dirian the Severer (Minotaur Fighter)              Turns: 25613, Time: 00:39:54

Health: -9/141     AC: 25    Str: 29    XL:     15   Next: 94%
Magic:  20/21      EV:  2    Int:  6    God:    Okawaru [******]
Gold:   1754       SH:  0    Dex: 17    Spells: 14/14 levels left

rFire    + . .     SeeInvis .   E - +1 broad axe (flame)
rCold    + . .     Faith    .   c - +1 kite shield
rNeg     + . .     Spirit   .   U - +1 plate armour {rC+}
rPois    +         Reflect  .   K - +0 hat {Int+3}
rElec    .         Harm     .   F - +2 cloak {rPois}
rCorr    .         Rampage  .   P - +2 pair of gloves {Str+3}
Will     +....                  o - +0 pair of boots
Stlth    ..........             Q - macabre finger necklace {rN+}
HPRegen  0.33/turn              C - +6 ring of dexterity
MPRegen  0.17/turn              u - ring of protection from fire
                                (no ring)

@: paralysed, heroism, corroded
A: retaliatory headbutt, horns 2, dopey 1
a: Renounce Religion, Heroism, Finesse


You were on level 14 of the Dungeon.
You worshipped Okawaru.
Okawaru was exalted by your worship.
You visited 2 branches of the dungeon, and saw 21 of its levels.
You also visited: Gauntlet.

You collected 1919 gold pieces.
You spent 165 gold pieces at shops.

Inventory:

Hand Weapons
 E - a +1 broad axe of flaming (weapon)
Armour
 a - the +1 pair of gloves of Lies {rCorr Slay+3}
   (Okawaru gifted it to you on level 10 of the Dungeon)

   It affects your accuracy and damage with ranged weapons and melee attacks
   (+3).
   It provides partial protection from all sources of acid and corrosion.
 c - a +1 kite shield (worn)
 f - a +0 tower shield
 o - a +0 pair of boots (worn)
 F - a +2 cloak of poison resistance (worn)
 K - a +0 hat of intelligence (worn)
 M - a scarf of repulsion
 P - a +2 pair of gloves of strength (worn)
 T - a +2 pair of gloves of archery
 U - a +1 plate armour of cold resistance (worn)
Jewellery
 g - an uncursed ring of protection from cold
 u - a ring of protection from fire (right hand)
 C - a +6 ring of dexterity (left hand)
 I - an uncursed ring of flight
 N - an uncursed ring of resist corrosion
 O - the ring of Ashenzari's Pride {*Contam Will- Int+9 SInv Stlth+}
   (You found it in a Gauntlet)

   [ring of stealth]

   It affects your intelligence (+9).
   It affects your willpower, your defense against some magical effects.
   It lets you see invisible.
   It causes magical contamination when unequipped.
   It makes you more stealthy.
 Q - the macabre finger necklace (around neck) {rN+}
   (You found it in a Gauntlet)

   [amulet of nothing]

   It protects you from negative energy.
Wands
 e - a wand of disintegration (7)
 v - a wand of digging (5)
 A - a wand of iceblast (12)
 J - a wand of acid (12)
 S - a wand of flame (8)
Scrolls
 r - 8 scrolls of identify
 t - 17 scrolls of teleportation
 x - 11 scrolls of remove curse
 y - 6 scrolls of enchant armour
 z - 4 scrolls of blinking
 B - 2 scrolls of magic mapping
 D - a scroll of acquirement
 G - a scroll of vulnerability
 H - 3 scrolls of immolation
 L - a scroll of holy word
 R - a scroll of torment {unknown}
Potions
 b - a potion of invisibility
 d - 3 potions of might
 h - 4 potions of haste
 i - 3 potions of flight
 j - 4 potions of attraction
 k - 4 potions of lignification
 l - 2 potions of berserk rage
 m - 4 potions of cancellation
 n - 3 potions of mutation
 q - 17 potions of curing
 s - a potion of ambrosia
 w - 6 potions of heal wounds


   Skills:
 + Level 15.3(20.3) Fighting
 - Level 20.0(25.0) Axes
 + Level 14.0(19.0) Armour
 * Level 13.3(18.3) Shields
 - Level 10.0 Invocations


You had 14 spell levels left.
You didn't know any spells.
Your spell library contained the following spells:

 Spells                   Type           Power        Failure   Level
 Animate Skeleton         Necr           0%           92%         1
 Apportation              Tloc           0%           92%         1
 Corona                   Hex            0%           92%         1
 Freeze                   Ice            0%           92%         1
 Magic Dart               Conj           0%           92%         1
 Pain                     Necr           0%           92%         1
 Shock                    Conj/Air       0%           92%         1
 Sting                    Tmut/Pois      0%           92%         1
 Summon Small Mammal      Summ           0%           92%         1
 Blink                    Tloc           N/A          98%         2
 Call Imp                 Summ           0%           98%         2
 Ensorcelled Hibernation  Hex/Ice        0%           98%         2
 Poisonous Vapours        Pois/Air       0%           98%         2
 Searing Ray              Conj           0%           98%         2
 Slow                     Hex            0%           98%         2
 Sublimation of Blood     Necr           0%           98%         2
 Swiftness                Air            0%           98%         2
 Confusing Touch          Hex            0%           100%        3
 Conjure Flame            Conj/Fire      0%           100%        3
 Dazzling Flash           Conj/Hex       0%           100%        3
 Frozen Ramparts          Ice            0%           100%        3
 Gell's Gravitas          Tloc           0%           100%        3
 Ignite Poison            Fire/Tmut/Pois 0%           100%        3
 Lesser Beckoning         Tloc           0%           100%        3
 Mephitic Cloud           Conj/Pois/Air  0%           100%        3
 Ozocubu's Armour         Ice            0%           100%        3
 Static Discharge         Conj/Air       0%           100%        3
 Summon Guardian Golem    Hex/Summ       0%           100%        3
 Tukima's Dance           Hex            0%           100%        3
 Vampiric Draining        Necr           0%           100%        3
 Airstrike                Air            0%           100%        4
 Animate Dead             Necr           0%           100%        4
 Fulminant Prism          Conj/Hex       0%           100%        4
 Hailstorm                Conj/Ice       0%           100%        4
 Iskenderun's Mystic Bla  Conj/Tloc      0%           100%        4
 Olgreb's Toxic Radiance  Pois           0%           100%        4
 Petrify                  Tmut/Erth      0%           100%        4
 Summon Ice Beast         Ice/Summ       0%           100%        4
 Summon Lightning Spire   Summ/Air       0%           100%        4
 Agony                    Necr           0%           100%        5
 Alistair's Intoxication  Tmut/Pois      0%           100%        5
 Bolt of Magma            Conj/Fire/Erth 0%           100%        5
 Irradiate                Conj/Tmut      0%           100%        5
 Lightning Bolt           Conj/Air       0%           100%        5
 Metabolic Englaciation   Hex/Ice        0%           100%        5
 Silence                  Hex/Air        0%           100%        5
 Yara's Violent Unravell  Hex/Tmut       0%           100%        5
 Conjure Ball Lightning   Conj/Air       0%           100%        6
 Eringya's Noxious Bog    Tmut/Pois      0%           100%        6
 Freezing Cloud           Conj/Ice/Air   0%           100%        6
 Invisibility             Hex            0%           100%        6
 Simulacrum               Ice/Necr       0%           100%        6
 Malign Gateway           Summ/Tloc      0%           100%        7
 Spellforged Servitor     Conj/Summ      0%           100%        7
 Tornado                  Air            0%           100%        9


Dungeon Overview and Level Annotations

Branches:
Dungeon (15/15)            Temple (0/1) D:4            Lair (6/6) D:10
 Shoals (0/4) Lair:4        Snake (0/4) Lair:3        Slime (0/5) Lair:6
    Orc (0/2) D:12         Vaults (0/5) D:13         Depths (0/5) D:15
Gauntlet (visited)

Altars:
Fedhas
Gozag
Kikubaaqudgha
Okawaru
Qazlal
Sif Muna
Trog
Vehumet
Wu Jian
Xom
The Shining One
Jiyva

Shops:
D:4 =   D:9 !   D:12 (


Innate Abilities, Weirdness & Mutations

You reflexively headbutt those who attack you in melee.
You have a pair of horns on your head.
You are dopey. (Int -2)


Message History

The tengu reaver hits you but does no damage.
The tengu reaver pecks you but does no damage.
The tengu reaver claws you but does no damage.
The vampire knight hits you with a +0 great sword!!
The vampire knight bites you but does no damage.
The sea snake changes into a glowing orange brain!
Something hits you!!
* * * LOW HITPOINT WARNING * * *
The tengu reaver points at you and mumbles some strange words.
The bolt of acid hits you!
* * * LOW HITPOINT WARNING * * *
The acid corrodes you!
You are splashed with acid!
* * * LOW HITPOINT WARNING * * *
The vampire knight casts a spell at itself.
The vampire knight flickers and vanishes!
The glowing orange brain changes into a torpor snail!
Something hits you.
* * * LOW HITPOINT WARNING * * *
The tengu reaver hits you with a +1 bardiche of flaming!
You die...

##..##.# #.[|.#.##
#######..##
#.#.....#.#*####*##
.#.#...#.##.#.#.,.#
..#.#.#.#.#[....*.#
#..#.#.#..#)..w{#.#
#...#.#...#,*,#{Q.#
#..#.#.#..######@.#
#[#(#.#.#.......###
##)#...#.#.#####..#
#(#.....#.## *###
(#..#######
#.#.#,,,,*
..#.#*,,**
#.#.#,,,,*
#.#.#*,,**


You could see a tengu reaver and a torpor snail shaped shifter.

Vanquished Creatures
  Gastronok (Lair:2)
  Frances (D:14)
  A frost giant (D:14)
  A minotaur (Gauntlet)
  A dire elephant (Lair:6)
  An ettin (D:15)
  Snorg (D:12)
  5 hydras
  A vault guard (D:13)
  3 boulder beetles
  6 centaur warriors
  2 catoblepae
  5 two-headed ogres
  An anaconda (Lair:6)
  2 death knights
  2 tengu warriors
  18 death yaks
  A deep troll shaman (Lair:6)
  Sonja (D:13)
  A deep elf knight (D:15)
  3 skeletal warriors
  4 unseen horrors
  A deep troll (D:15)
  A wizard (D:14)
  3 orc knights
  6 deep elf magi
  4 ugly things
  5 cyclopes
  A centaur zombie (D:13)
  7 black mambas
  14 elephants
  A merfolk siren (Lair:4)
  A gargoyle (D:14)
  14 cane toads
  A cane toad (shapeshifter) (D:14)
  A freezing wraith (D:11)
  21 komodo dragons
  4 rime drakes
  2 tengu conjurers (Gauntlet)
  6 trolls
  3 meliai
  A hornet (Lair:5)
  2 polar bears (Lair:6)
  5 slime creatures (D:13)
  Prince Ribbit (D:5)
  A meliai zombie (D:12)
  21 blink frogs
  12 dream sheep (Lair:6)
  7 shadows
  76 yaks
  2 vampires
  4 wyverns
  A wraith (D:11)
  7 basilisks
  A ynoxinul (Gauntlet)
  A steam dragon (Lair:4)
  3 vampire mosquitoes (D:12)
  A warg (D:12)
  An acid dragon (D:11)
  3 nagas (Lair:3)
  A soldier ant (D:12)
  10 water moccasins
  7 orc warriors
  A hornet zombie (D:11)
  A swamp drake (D:10)
  A sky beast (D:6)
  6 black bears
  9 ice beasts
  3 ogres
  A necrophage (D:14)
  4 phantoms
  13 wolves (Lair:6)
  12 centaurs
  5 big kobolds
  19 bullfrogs
  2 wyvern zombies
  A wyvern skeleton (D:10)
  A water moccasin skeleton (D:10)
  14 killer bees
  8 wights
  An electric eel (Lair:5)
  3 howler monkeys
  3 bullfrog zombies
  5 hounds
  3 iron imps (Gauntlet)
  2 jellies
  6 orc priests
  2 bullfrog skeletons
  2 centaur skeletons
  4 hell rats (Lair:3)
  Ijyb (D:5)
  4 iguanas
  11 worker ants
  10 orc wizards
  2 human simulacra (D:13)
  2 hound skeletons
  Robin (D:3)
  4 worker ant zombies
  11 gnolls
  11 adders
  A shadow imp (D:10)
  2 white imps
  2 ufetubi
  An ooze (D:2)
  3 adder skeletons
  2 adder zombies
  5 worms
  2 dart slugs
  4 leopard geckos
  45 orcs
  A ball python (D:4)
  5 giant cockroaches
  39 goblins
  29 hobgoblins
  5 jackals
  18 kobolds
  3 quokkas
  3 bats
  8 frilled lizards
  A jackal zombie (D:6)
  A leopard gecko skeleton (D:6)
  A quokka skeleton (D:5)
  11 rats
707 creatures vanquished.

Vanquished Creatures (others)
  2 deep elf magi
  A centaur (D:14)
  A demonic plant (Gauntlet)
  38 fungi
  56 plants
  4 withered plants (Gauntlet)
102 creatures vanquished.

Grand Total: 809 creatures vanquished

Notes
Turn   | Place    | Note
-------+----------+-------------------------------------------
     0 | D:1      | Dirian the Minotaur Fighter began the quest for the Orb.
     0 | D:1      | Reached XP level 1. HP: 19/19 MP: 0/0
   391 | D:1      | Reached XP level 2. HP: 27/27 MP: 1/1
  1069 | D:2      | Reached XP level 3. HP: 33/33 MP: 2/2
  1303 | D:2      | Found an iron altar of Okawaru.
  1311 | D:2      | Became a worshipper of Warmaster Okawaru
  1391 | D:2      | Noticed a moth of wrath
  1399 | D:2      | Found a bloodstained altar of Trog.
  1419 | D:2      | Reached skill level 3 in Axes
  1979 | D:3      | Reached XP level 4. HP: 40/40 MP: 3/3
  2000 | D:3      | Noticed an ice beast
  2008 | D:3      | Killed an ice beast
  2009 | D:3      | Reached skill level 4 in Axes
  2009 | D:3      | Reached skill level 5 in Shields
  2009 | D:3      | Reached XP level 5. HP: 46/46 MP: 4/4
  2070 | D:3      | Reached skill level 5 in Armour
  2085 | D:3      | Reached * piety under Okawaru
  2289 | D:3      | Noticed Robin
  2304 | D:3      | Killed Robin
  2416 | D:3      | Reached skill level 5 in Axes
  2586 | D:3      | Reached XP level 6. HP: 53/53 MP: 5/5
  2759 | D:4      | Found Corram's Jewellery Shop.
  2766 | D:4      | Reached skill level 6 in Axes
  3031 | D:4      | Reached XP level 7. HP: 21/60 MP: 6/6
  3430 | D:4      | Found a staircase to the Ecumenical Temple.
  3573 | D:5      | Entered Level 5 of the Dungeon
  3604 | D:5      | Reached skill level 5 in Fighting
  3608 | D:5      | Reached skill level 1 in Invocations
  3614 | D:5      | Noticed Prince Ribbit
  3633 | D:5      | Killed Prince Ribbit
  3633 | D:5      | Reached ** piety under Okawaru
  3634 | D:5      | Reached skill level 7 in Axes
  3929 | D:5      | Found a shimmering altar of Xom.
  4066 | D:5      | Noticed Ijyb
  4071 | D:5      | Paralysed by Ijyb for 4 turns
  4077 | D:5      | Paralysed by Ijyb for 6 turns
  4083 | D:5      | Killed Ijyb
  4436 | D:5      | Reached skill level 8 in Axes
  4487 | D:5      | Reached XP level 8. HP: 68/68 MP: 8/8
  4786 | D:5      | Reached skill level 9 in Axes
  5493 | D:6      | Reached *** piety under Okawaru
  5538 | D:6      | Reached skill level 10 in Axes
  5540 | D:6      | Reached XP level 9. HP: 78/78 MP: 10/10
  5721 | D:6      | Identified the Collected Works on the Glacial Entourage
  6018 | D:7      | Found a stormy altar of Qazlal.
  6217 | D:7      | Found a shimmering blue altar of Sif Muna.
  6409 | D:7      | Reached skill level 11 in Axes
  6764 | D:8      | Reached **** piety under Okawaru
  6813 | D:8      | Reached skill level 5 in Invocations
  7189 | D:8      | Found a glowing golden altar of the Shining One.
  7196 | D:8      | Found a blossoming altar of Fedhas.
  7272 | D:8      | Reached skill level 12 in Axes
  7278 | D:8      | Reached XP level 10. HP: 86/86 MP: 13/13
  7838 | D:9      | Found Qelolof's Distillery.
  7850 | D:9      | Bought a potion of heal wounds for 55 gold pieces
  7850 | D:9      | Bought a potion of haste for 110 gold pieces
  8004 | D:9      | Killed an unseen horror
  8004 | D:9      | Reached ***** piety under Okawaru
  8076 | D:9      | Found a shimmering altar of Xom.
  8078 | D:9      | Found a radiant altar of Vehumet.
  8113 | D:9      | Found an ornate altar of the Wu Jian Council.
  8124 | D:9      | Found an opulent altar of Gozag.
  8124 | D:9      | Found an ancient bone altar of Kikubaaqudgha.
  8331 | D:9      | Identified a scroll of acquirement
  8341 | D:10     | Entered Level 10 of the Dungeon
  8381 | D:10     | Received a gift from Okawaru
  8391 | D:10     | Reached skill level 13 in Axes
  8393 | D:10     | Got a pair of polished gloves {god gift}
  8403 | D:10     | Identified the +1 pair of gloves of Lies {rCorr Slay+3}
                  | (Okawaru gifted it to you on level 10 of the Dungeon)
  8700 | D:10     | Killed an unseen horror
  8806 | D:10     | Reached XP level 11. HP: 82/95 MP: 15/15
  9170 | D:10     | Found a staircase to the Lair.
  9451 | Lair:1   | Entered Level 1 of the Lair of Beasts
  9462 | Lair:1   | Reached skill level 14 in Axes
  9871 | Lair:1   | Noticed a six-headed hydra
  9881 | Lair:1   | Killed a two-headed hydra
  9881 | Lair:1   | Received a gift from Okawaru
  9882 | Lair:1   | Reached skill level 10 in Armour
 11435 | Lair:2   | Reached skill level 10 in Fighting
 11736 | Lair:2   | Reached skill level 15 in Axes
 11763 | Lair:2   | Received a gift from Okawaru
 12068 | Lair:2   | Noticed Gastronok
 12078 | Lair:2   | Killed Gastronok
 12079 | Lair:2   | Reached XP level 12. HP: 106/106 MP: 17/17
 12559 | Lair:3   | Reached ****** piety under Okawaru
 12672 | Lair:3   | Received a gift from Okawaru
 13024 | Lair:3   | Reached skill level 16 in Axes
 13509 | Lair:3   | Found a staircase to the Snake Pit.
 14018 | Lair:4   | Found a staircase to the Shoals.
 14217 | Lair:4   | Noticed a death yak
 14234 | Lair:4   | Killed a death yak
 14386 | Lair:4   | Noticed a death yak
 14386 | Lair:4   | Noticed a death yak
 14386 | Lair:4   | Noticed a death yak
 14394 | Lair:4   | Killed a death yak
 14400 | Lair:4   | Killed a death yak
 14407 | Lair:4   | Killed a death yak
 14408 | Lair:4   | Reached XP level 13. HP: 108/116 MP: 19/19
 14684 | Lair:5   | Received a gift from Okawaru
 14917 | Lair:5   | Reached skill level 17 in Axes
 15242 | Lair:5   | Reached skill level 10 in Invocations
 15872 | Lair:6   | Entered Level 6 of the Lair of Beasts
 15909 | Lair:6   | Received a gift from Okawaru
 15926 | Lair:6   | Reached skill level 18 in Axes
 16124 | Lair:6   | Received a gift from Okawaru
 16209 | Lair:6   | Reached XP level 14. HP: 63/127 MP: 18/20
 17202 | Lair:6   | Found a viscous altar of Jiyva.
 17202 | Lair:6   | Found a staircase to the Slime Pits.
 17308 | Lair:6   | Received a gift from Okawaru
 17319 | Lair:6   | Reached skill level 19 in Axes
 18548 | D:11     | Received a gift from Okawaru
 19669 | D:12     | Received a gift from Okawaru
 19884 | D:12     | Found a staircase to the Orcish Mines.
 19934 | D:12     | You fall into a shaft and drop 3 floors!
 19934 | D:15     | Entered Level 15 of the Dungeon
 20059 | D:15     | Reached XP level 15. HP: 138/138 MP: 21/21
 20547 | D:15     | Found a staircase to the Depths.
 20639 | D:14     | Found a gate leading to a gauntlet.
 20645 | Gauntlet | Entered a Gauntlet
 20645 | Gauntlet | Found a transporter.
 20663 | Gauntlet | Found a transporter.
 20663 | Gauntlet | Found a transporter.
 20672 | Gauntlet | Found a transporter.
 20674 | Gauntlet | Found a transporter.
 20683 | Gauntlet | Found a transporter.
 20701 | Gauntlet | Found a transporter.
 20711 | Gauntlet | Found a transporter.
 20713 | Gauntlet | Found the macabre finger necklace {rN+}
 20721 | Gauntlet | Found a transporter.
 20736 | Gauntlet | Found a transporter.
 20748 | Gauntlet | Found a transporter.
 20749 | Gauntlet | Found a transporter.
 20792 | Gauntlet | Found a transporter.
 20806 | Gauntlet | Found a transporter.
 20809 | Gauntlet | Found a runed translucent door.
 21166 | Gauntlet | Reached skill level 10 in Shields
 21180 | Gauntlet | Got a steaming tin ring
 21187 | Gauntlet | Identified the ring of Ashenzari's Pride {*Contam Will-
                  | Int+9 SInv Stlth+} (You found it in a Gauntlet)
 21206 | Gauntlet | Gained mutation: You are dopey. (Int -2) [mutagenic glow]
 21213 | Gauntlet | Reached skill level 20 in Axes
 21351 | Gauntlet | Identified Ycammai's Guide on Attacks
 22072 | D:12     | Noticed Snorg
 22083 | D:12     | Killed Snorg
 22404 | D:12     | You fall into a shaft and drop 2 floors!
 22521 | D:13     | Found a gate to the Vaults.
 22811 | D:12     | Received a gift from Okawaru
 23110 | D:12     | Found Zeirohan's Weapon Emporium.
 23268 | D:13     | Noticed Sonja
 23284 | D:13     | Killed Sonja
 24137 | D:14     | Reached skill level 15 in Fighting
 24686 | D:14     | Noticed Frances
 24721 | D:14     | HP: 2/141 [Frances/shard of ice (36)]
 25172 | D:14     | Killed Frances
 25172 | D:14     | Received a gift from Okawaru
 25588 | D:14     | Noticed a tengu reaver
 25588 | D:14     | Noticed a frost giant
 25599 | D:14     | Killed a frost giant
 25609 | D:14     | Paralysed by a vampire knight for 7 turns
 25613 | D:14     | Mangled by a tengu reaver

Illustrated notes

Levels and vault maps discovered:
D:1:      lordsloth_arrival_two_stooges, layout_loops_ring
D:2:      layout_basic, tgw_trog, grunt_ministairs_6,
          kennysheep_okawaru_gauntlet
D:3:      layout_rooms, uniq_robin
D:4:      layout_basic, minmay_temple_entry_purple_smoke, serial_shops, shop
D:5:      minmay_goblin_kobold_castle, layout_basic, basic_altar, uniq_ijyb,
          uniq_prince_ribbit1
D:6:      black_bear_nest_1, layout_basic
D:7:      layout_loops_cross, overflow_temple_1_default, marbit_many_paths
D:8:      layout_gridville, grunt_temple_overflow_open
D:9:      layout_long_grid, nicolae_overflow_hidden_temple, serial_shops, shop
D:10:     layout_rooms, erik_lair_dragon
D:11:     layout_long_grid
D:12:     layout_cave_pools, david_orc_3, serial_shops, shop, uniq_snorg
D:13:     layout_cave_pods, david_vaults_5, bh_circular_ruins, uniq_sonja
D:14:     minmay_tearing_corner, layout_basic, gauntlet_entry_generic,
          amcnicky_mini_pool_small, uniq_frances
D:15:     hangedman_depths_entry_civil_slaughter, layout_long_grid,
          elyvilon_altar_5, uniq_josephine
Lair:1:   layout_cave_pods, grunt_megastairs_2
Lair:2:   layout_cave_pods, beast_lair_carwin_9, serial_bayou_shore_b,
          uniq_gastronok
Lair:3:   layout_chaotic_city, guppyfry_snake_entry_island
Lair:4:   beast_lair_carwin_large_3, layout_regular_city,
          minmay_shoals_entry_lonely_mermaid
Lair:5:   layout_loops_ring, lookout_lair_type
Lair:6:   grunt_lair_end_beastmaster, layout_regular_city,
          dpeg_slime_entry_enclosed_altar, hangedman_lair_generics_rect,
          infiniplex_staircase_pool_2, grunt_megastairs_3

Skill      XL: |  1  2  3  4  5  6  7  8  9 10 11 12 13 14 15 |
---------------+----------------------------------------------+-----
Shields        | 4 5 7 9 13 | 13.3
Armour         | 4 5 6 8 9 10 11 12 13 14 | 14.0
Fighting       | 4 5 6 7 8 10 11 12 14 15 | 15.3
Axes           | 3 4 5 6 8 10 12 13 15 16 18 19 20 | 20.0
Invocations    | 2 3 5 7 8 9 10 | 10.0

Action                   |  1- 3 |  4- 6 |  7- 9 | 10-12 | 13-15 || total
-------------------------+-------+-------+-------+-------+-------++-------
Melee: War axe           |   116 |   114 |   375 |    38 |       ||   643
       Headbutt          |     7 |    12 |    83 |   122 |   257 ||   481
       Broad axe         |       |       |       |   361 |   816 ||  1177
Invok: Heroism           |       |     1 |     3 |     3 |    30 ||    37
       Finesse           |       |       |       |       |     3 ||     3
  Use: Potion            |     1 |     1 |       |       |     1 ||     3
       Scroll            |       |     8 |     9 |     6 |     8 ||    31
 Stab: Petrified         |       |       |       |       |    10 ||    10
       Petrifying        |       |       |       |       |     1 ||     1
Armor: Scale mail        |    49 |    63 |    15 |       |       ||   127
       Chain mail        |       |       |   142 |   190 |   340 ||   672
       Plate armour      |       |       |       |       |    13 ||    13
Dodge: Dodged            |    48 |    32 |    85 |    68 |   224 ||   457
Block: Kite shield       |    65 |    69 |   224 |   189 |   540 ||  1087

Table legend: (Time is in decaauts)
 A = Elapsed time spent in this place.
 B = Non-inter-level travel time spent in this place.
 C = Inter-level travel time spent in this place.
 D = Time resting spent in this place.
 E = Time spent auto-exploring this place.
 F = Levels seen in this place.
 G = Mean time per level.
                   A        B        C        D        E       F      G
               +--------+--------+--------+--------+--------+-----+--------+
         Total |  25534 |  24727 |    807 |    806 |  19463 |  22 | 1160.6 |
       Dungeon |  15767 |  15186 |    581 |    782 |  11413 |  15 | 1051.1 |
          Lair |   8880 |   8654 |    226 |     24 |   7544 |   6 | 1480.0 |
      Gauntlet |    887 |    887 |      0 |      0 |    505 |   1 |  887.0 |
               +--------+--------+--------+--------+--------+-----+--------+

Top non-repeatable levels by time:
  Lair:6: 2385 daAuts
  Lair:1: 1893 daAuts
     D:5: 1621 daAuts
    D:13: 1487 daAuts
    D:11: 1449 daAuts
  Lair:3: 1320 daAuts
    D:14: 1275 daAuts
    D:12: 1264 daAuts
  Lair:5: 1198 daAuts
    D:10: 1186 daAuts
     D:2: 1132 daAuts
  Lair:2: 1060 daAuts
  Lair:4: 1022 daAuts
     D:9: 925 daAuts
     D:4: 891 daAuts
